 Dungeon Crawl Stone Soup version 0.17-a0-877-ga10078a (webtiles) character file.

2650 FedoraBrony69 the Cudgeler (level 9, -12/69 HPs)
             Began as a Demonspawn Fighter on Apr 30, 2015.
             Killed by the air
             ... invoked by Gastronok
              (30 damage)
             ... on level 9 of the Dungeon.
             The game lasted 00:18:33 (9351 turns).

FedoraBrony69 the Cudgeler (Demonspawn Fighter)     Turns: 9351, Time: 00:18:33

Health: -12/69     AC: 22    Str: 25    XL:     9   Next: 36%
Magic:  0/9        EV:  6    Int:  9    God:
Gold:   528        SH: 11    Dex: 12    Spells: 0 memorised, 8 levels left

rFire  + . .     SeeInvis .     B - +2 mace (venom)
rCold  . . .     Clarity  .     O - +0 chain mail
rNeg   . . .     SustAb   .     c - +0 shield
rPois  .         Gourm    .     (helmet restricted)
rElec  .         Spirit   +     y - +0 cloak
rCorr  .         Warding  .     (no gloves)
rMut   .         Stasis   +     k - +0 pair of boots
MR     .....                    H - amulet of stasis
Stlth  ..........               u - +2 ring of dexterity
                                f - ring of fire

@: mighty, not resistant to hostile enchantments, extremely unstealthy
A: antennae 1, rough black scales 3, cold resistance 1, magic shield
a: no special abilities


You were on level 9 of the Dungeon.
You were not hungry.

You visited 2 branches of the dungeon, and saw 10 of its levels.
You also visited: Sewer.

You collected 528 gold pieces.

Inventory:

Hand weapons
 q - a +0 spear of freezing
 B - a +2 mace of venom (weapon)
Armour
 c - a +0 shield (worn)
 k - a +0 pair of boots (worn)
 y - a +0 cloak (worn)
 O - a +0 chain mail (worn)
Magical staves
 w - an uncursed staff of power {unknown}
 L - an uncursed staff of power {unknown}
Jewellery
 a - a cursed amulet of inaccuracy {unknown}
 f - a ring of fire (left hand)
 u - a +2 ring of dexterity (right hand)
 H - an amulet of stasis (around neck)
 M - an uncursed ring of protection from cold
Magical devices
 b - a wand of magic darts (17)
Scrolls
 g - 2 scrolls of fear
 i - 3 scrolls of remove curse
 j - 10 scrolls of identify
 o - a scroll of random uselessness {unknown}
 p - a scroll of recharging {unknown}
 t - 4 scrolls of enchant weapon {unknown}
 z - 4 scrolls of magic mapping {unknown}
 A - 2 scrolls of enchant armour {unknown}
 C - 2 scrolls of blinking {unknown}
 D - 3 scrolls of teleportation {unknown}
 G - a scroll of immolation {unknown}
 J - a scroll of fog {unknown}
 P - a scroll of acquirement {unknown}
 S - a scroll of amnesia {unknown}
Potions
 d - 9 potions of might
 h - a potion of cure mutation {unknown}
 l - a potion of lignification {unknown}
 m - 4 potions of curing {unknown}
 n - a potion of cancellation {unknown}
 r - 2 potions of degeneration {unknown}
 v - 2 potions of poison {unknown}
 x - 4 potions of agility {unknown}
 E - 3 potions of ambrosia {unknown}
 I - 2 potions of magic {unknown}
 K - a potion of flight {unknown}
 N - a potion of berserk rage {unknown}
Books
 F - a book of Debilitation

   Spells                             Type                      Level
   a - Corona                         Hexes                        1
   b - Slow                           Hexes                        2
   c - Gell's Gravitas                Hexes/Translocation          3
   d - Inner Flame                    Hexes/Fire                   3
   e - Cause Fear                     Hexes                        4
   f - Leda's Liquefaction            Hexes/Earth                  4
Comestibles
 e - 9 bread rations
 s - 2 meat rations
 Q - a royal jelly


   Skills:
 + Level 6.3 Fighting
 * Level 7.8 Maces & Flails
 + Level 5.7 Armour
 + Level 6.0 Shields


You had 8 spell levels left.
You didn't know any spells.

Dungeon Overview and Level Annotations

Branches:
Dungeon (9/15)             Temple (1/1) D:6
   Lair: D:8-11         Orc: D:9-12

Altars:
Ashenzari
Cheibriados
Dithmenos
Elyvilon
Fedhas
Gozag
Kikubaaqudgha
Makhleb
Nemelex Xobeh
Okawaru
Qazlal
Ru
Sif Muna
Trog
Vehumet
Xom
Yredelemnul
Zin
The Shining One

Shops:
D:9 (

Annotations:
D:5 FedoraBrony69's ghost, experienced TrMo
D:9 Gastronok


Innate Abilities, Weirdness & Mutations

You have a pair of small antennae on your head.
You are completely covered in rough black scales (AC +10, Dex -3).
Your flesh is cold resistant.
When hurt, damage is shared between your health and your magic reserves.


Message History

Gastronok is moderately wounded.
You block the quokka's attack. Gastronok bites you!
You hit Gastronok.
Gastronok is heavily wounded.
The quokka bites you but does no damage.
The quokka twitches its whiskers.
The quokka bites you but does no damage.
You thump Gastronok!
Gastronok is heavily wounded.
You block the quokka's attack. Gastronok bites you!
* * * LOW HITPOINT WARNING * * *
You hit Gastronok.
Gastronok is heavily wounded.
The quokka barely misses you.
Drink which item? (? for menu, Esc to quit)
You feel very mighty all of a sudden. You block the quokka's attack.
Gastronok waves his eye-stalks in wide circles.
The air twists around and strikes you!
You die...

#####'### #.....
#.......# #.....
#.......#########.....
#.......'......##.....
#.......######+##.....
#.......# #.....
#.......# #.....
###'##### #.....
#..@r# #####. ####wrO#
#######. ##'# #.......
.# ##....... #
......... ##.......
#....... #.[.....
#.......


You could see Gastronok, an ogre, a river rat and a quokka.

Vanquished Creatures
  Prince Ribbit (D:7)
  A hungry ghost (D:8)
  A sky beast (D:5)
  2 centaurs (D:9)
  3 ogres
  A phantom (D:8)
  3 giant frogs
  2 scorpions
  4 killer bees (D:7)
  A goliath beetle (D:5)
  5 crimson imps
  A giant frog zombie (D:7)
  2 hounds
  3 jellies
  An orc priest (D:5)
  7 orc wizards
  6 worker ants
  2 hound skeletons
  17 adders
  10 gnolls
  A shadow imp (D:7)
  2 adder zombies
  3 worms
  33 orcs
  2 ball pythons
  11 giant cockroaches
  2 gnoll zombies (D:2)
  15 goblins
  15 hobgoblins
  22 jackals
  5 quokkas
  A ball python skeleton (D:4)
  15 bats
  7 giant geckos
  6 giant newts
  20 kobolds
  18 rats
  5 plants (Sewer)
256 creatures vanquished.

Notes
Turn   | Place    | Note
--------------------------------------------------------------
     0 | D:1      | FedoraBrony69, the Demonspawn Fighter, began the quest for the Orb.
     0 | D:1      | Reached XP level 1. HP: 18/18 MP: 1/1
    99 | D:1      | Gained mutation: Your flesh is cold resistant. [demonic ancestry]
    99 | D:1      | Reached XP level 2. HP: 17/24 MP: 2/2
   798 | D:1      | Gained mutation: When hurt, damage is shared between your health and your magic reserves. [demonic ancestry]
   798 | D:1      | Reached XP level 3. HP: 29/29 MP: 3/3
  1119 | D:2      | Found a basalt altar of Yredelemnul.
  1365 | D:2      | Reached XP level 4. HP: 10/35 MP: 1/4
  1926 | D:2      | Gained mutation: You are partially covered in rough black scales (AC +4, Dex -1). [demonic ancestry]
  1926 | D:2      | Reached XP level 5. HP: 12/41 MP: 5/5
  2774 | D:3      | Found a shattered altar of Ashenzari.
  2990 | D:3      | Reached skill level 4 in Maces & Flails
  3143 | D:3      | Gained mutation: You are mostly covered in rough black scales (AC +7, Dex -2). [demonic ancestry]
  3143 | D:3      | Reached XP level 6. HP: 46/48 MP: 6/6
  3713 | D:4      | Found a sacrificial altar of Ru.
  3907 | D:4      | Found a glowing drain.
  3911 | Sewer    | Entered a sewer
  4531 | D:4      | Gained mutation: You are completely covered in rough black scales (AC +10, Dex -3). [demonic ancestry]
  4531 | D:4      | Reached XP level 7. HP: 48/54 MP: 7/7
  4725 | D:4      | Found a white marble altar of Elyvilon.
  4732 | D:4      | Found a bloodstained altar of Trog.
  4732 | D:4      | Found a shimmering altar of Xom.
  4751 | D:4      | Found a radiant altar of Vehumet.
  4755 | D:4      | Found an iron altar of Okawaru.
  4816 | D:5      | Entered Level 5 of the Dungeon
  4839 | D:5      | Reached skill level 5 in Maces & Flails
  4959 | D:5      | Found a snail-covered altar of Cheibriados.
  5609 | D:5      | Noticed FedoraBrony69's ghost (experienced TrMo)
  5639 | D:5      | HP: 2/55 [FedoraBrony69's ghost (11)]
  6164 | D:4      | Gained mutation: You have a pair of small antennae on your head. [demonic ancestry]
  6164 | D:4      | Reached XP level 8. HP: 61/61 MP: 8/8
  6373 | D:6      | Found a staircase to the Ecumenical Temple.
  6388 | Temple   | Entered the Ecumenical Temple
  6616 | D:6      | Found a bloodstained altar of Trog.
  6643 | D:6      | Reached skill level 5 in Fighting
  6966 | D:6      | Reached skill level 6 in Maces & Flails
  7224 | D:6      | Found a deep blue altar of Sif Muna.
  7478 | D:7      | Reached skill level 5 in Shields
  7610 | D:7      | Noticed Prince Ribbit
  7621 | D:7      | Killed Prince Ribbit
  7621 | D:7      | Reached skill level 5 in Armour
  8178 | D:7      | Reached skill level 7 in Maces & Flails
  8276 | D:7      | Reached XP level 9. HP: 63/69 MP: 9/9
  8465 | D:8      | Found an ancient bone altar of Kikubaaqudgha.
  8592 | D:8      | Found a shadowy altar of Dithmenos.
  8625 | D:8      | Found a blossoming altar of Fedhas.
  9045 | D:9      | Found Mig Hapi's Antique Weapon Boutique.
  9335 | D:9      | Noticed Gastronok
  9351 | D:9      | Killed from afar by Gastronok

Action                   |  1- 3 |  4- 6 |  7- 9 || total
-------------------------+-------+-------+-------++-------
Melee: Flail             |   137 |    19 |       ||   156
       Spear             |       |   206 |       ||   206
       Mace              |       |   312 |   415 ||   727
  Use: Scroll            |       |       |     3 ||     3
       Potion            |       |       |     1 ||     1
  Eat: Chunk             |     2 |    11 |    12 ||    25
       Beef jerky        |       |       |     1 ||     1
       Meat ration       |       |       |     1 ||     1
